 Dungeon Crawl Stone Soup version 0.26-a0-771-g060e6a62af (webtiles) character file.

Game seed: 6452929871775689739

140 Conn the Firebug (level 5, 0/46 HPs)
             Began as an Octopode Fire Elementalist on Nov 8, 2020.
             Slain by an orc
             ... wielding a +0 falchion
              (3 damage)
             ... on level 3 of the Dungeon.
             The game lasted 00:04:27 (2696 turns).

Conn the Firebug (Octopode Fire Elementalist)       Turns: 2696, Time: 00:04:27

Health: 0/46       AC: 22    Str:  7    XL:     5   Next: 22%
Magic:  8/9        EV:  2    Int: 18    God:
Gold:   36         SH:  0    Dex: 13    Spells: 8/9 levels left

rFire    . . .     SeeInvis .   b - +0 short sword
rCold    . . .     Faith    .   (no shield)
rNeg     + + +     Spirit   .   (helmet currently unavailable)
rPois    +         Reflect  .   (no amulet)
rElec    .         Harm     .   j - ring of teleportation (curse)
rCorr    .         Rampage  .   (no ring)
MR       .....     NoTele   +   (no ring)
Stlth    ++........             (no ring)
HPRegen  0.15/turn              (no ring)
MPRegen  0.11/turn              (no ring)
                                (no ring)
                                (no ring)

@: tree-form
A: almost no armour, stealthy swim, (amphibious), 8 rings, (constrict 8)
a: no special abilities


You were on level 3 of the Dungeon.
You were a tree.
You visited 1 branch of the dungeon, and saw 3 of its levels.

You collected 36 gold pieces.

Inventory:

Hand Weapons
 b - a +0 short sword (weapon)
Missiles
 d - 13 poisoned darts (quivered)
Jewellery
 j - a cursed ring of teleportation (left branch)
Scrolls
 c - a scroll of fog
 g - a scroll of identify
Potions
 f - 2 potions of cancellation


   Skills:
 + Level 0.2 Fighting
 + Level 1.2 Short Blades
 + Level 2.2 Dodging
 + Level 3.8 Stealth
 + Level 2.7 Spellcasting
 + Level 1.7 Conjurations
 + Level 4.2 Fire Magic


You had 8 spell levels left.
You knew the following spells:

 Your Spells              Type           Power        Failure   Level
a - Foxfire               Conj/Fire      ##..         4%          1

Your spell library contained the following spells:

 Spells                   Type           Power        Failure   Level
 Conjure Flame            Conj/Fire      ##......     16%         3
 Inner Flame              Hex/Fire       ##......     22%         3
 Sticky Flame             Conj/Fire      ##......     45%         4
 Fireball                 Conj/Fire      ##........   80%         5


Dungeon Overview and Level Annotations

Branches:
Dungeon (3/15)

Altars:


Innate Abilities, Weirdness & Mutations

You cannot wear most types of armour.
You are very stealthy in the water. (Stealth+)
((You are amphibious.))
You can wear up to eight rings at the same time.
((You can use your tentacles to constrict eight enemies at once.))
((Your skin changes colour to match your surroundings (Stealth+).))
((Your rubbery body absorbs attacks. (AC +1, EV +1)))


Message History

The giant cockroach completely misses you.
The kobold hits you but does no damage.
The giant cockroach bites you but does no damage.
Throwing (i - inventory)
d - 15 poisoned darts (quivered)
Press: ? - help, Shift-Dir - straight line You throw a poisoned dart.
Something hits you but does no damage. The orc hits you but does no damage.
The giant cockroach bites you but does no damage.
The kobold hits you but does no damage.
The giant cockroach bites you but does no damage.
Throwing (i - inventory)
d - 14 poisoned darts (quivered)
Press: ? - help, Shift-Dir - straight line You throw a poisoned dart.
The giant cockroach bites you but does no damage.
You hear some strange, mumbled words.
A puff of flame appears from out of thin air!
The puff of flame hits you.
* * * LOW HITPOINT WARNING * * *
The orc hits you with a +0 falchion.
You die...

#.#..#.................
#.#..#.#...............(
#.#.<#.#.................
#.#..# #...........!.....
#.#..# #.................
#.##.# #.................
#.##.# #......$..........
#.##.# #........${=......
#.##.# #........♣oK......
#.##.# #.......BKB)......
#.##.# #........g........
#.##.# #.................
#.##.# #.................
#.##.# #...............##
#.##.# ......$.?....$...
#.##.# ..............#.
#.#..# .............#


You could see an orc, 2 giant cockroaches, a hobgoblin and 2 kobolds.

Vanquished Creatures
  Jessica (D:2)
  3 gnolls (D:2)
  3 adders (D:2)
  A white imp (D:3)
  2 worms (D:2)
  A dart slug (D:2)
  3 orcs (D:3)
  6 bats
  A giant cockroach (D:1)
  7 goblins
  2 hobgoblins (D:2)
  4 jackals (D:1)
  A quokka (D:2)
  A ball python (D:2)
  4 frilled lizards
  2 kobolds (D:1)
  2 rats (D:2)
44 creatures vanquished.

Vanquished Creatures (others)
  85 foxfires
85 creatures vanquished.

Grand Total: 129 creatures vanquished

Notes
Turn   | Place    | Note
-------+----------+-------------------------------------------
     0 | D:1      | Conn the Octopode Fire Elementalist began the quest for the
                  | Orb.
     0 | D:1      | Reached XP level 1. HP: 11/11 MP: 3/3
   105 | D:1      | Reached XP level 2. HP: 11/17 MP: 1/5
   942 | D:2      | Reached XP level 3. HP: 20/21 MP: 6/6
  1503 | D:2      | Reached XP level 4. HP: 14/27 MP: 2/7
  1738 | D:2      | Reached skill level 4 in Fire Magic
  2234 | D:2      | Noticed Jessica
  2238 | D:2      | Killed Jessica
  2238 | D:2      | Reached skill level 1 in Short Blades
  2238 | D:2      | Reached XP level 5. HP: 31/31 MP: 9/9
  2696 | D:3      | Slain by an orc

Illustrated notes

Levels and vault maps discovered:
D:1:      matt_arrival_refuge, layout_rooms, chequers_serial_rivers_micro_e,
          roderic_serpentine_path
D:2:      layout_loops_cross, kennysheep_generic_room_15, uniq_jessica
D:3:      layout_basic, minivault_27, serial_bayou_pond_d

Skill      XL: |  1  2  3  4 |
---------------+-------------+-----
Stealth        | 3 |  3.8
Fire Magic     | 4 |  4.2
Short Blades   | 1 |  1.2
Fighting       | |  0.2
Dodging        | |  2.2
Spellcasting   | |  2.7
Conjurations   | |  1.7

Action                   |  1- 3 |  4- 6 || total
-------------------------+-------+-------++-------
Melee: Short sword       |    22 |    47 ||    69
       Tentacles         |     2 |     3 ||     5
       Constrict         |     4 |     8 ||    12
Throw: Dart              |       |     3 ||     3
 Cast: Foxfire           |    40 |    10 ||    50
  Use: Potion            |       |     2 ||     2
       Scroll            |       |     5 ||     5
 Stab: Sleeping          |     3 |     4 ||     7
Armor: Skin              |     2 |    37 ||    39
Dodge: Dodged            |    13 |    22 ||    35

Table legend: (Time is in decaauts)
 A = Elapsed time spent in this place.
 B = Non-inter-level travel time spent in this place.
 C = Inter-level travel time spent in this place.
 D = Time resting spent in this place.
 E = Time spent auto-exploring this place.
 F = Levels seen in this place.
 G = Mean time per level.
                   A        B        C        D        E       F      G
               +--------+--------+--------+--------+--------+-----+--------+
         Total |   2699 |   2637 |     62 |    139 |   2048 |   3 |  899.7 |
       Dungeon |   2699 |   2637 |     62 |    139 |   2048 |   3 |  899.7 |
               +--------+--------+--------+--------+--------+-----+--------+

Top non-repeatable levels by time:
     D:2: 1648 daAuts
     D:1: 906 daAuts
     D:3: 144 daAuts
